AoeStats
← TheKehribar

Arena

510619509Analyzed
4v4 RM · 1d ago on Oct 1, 2026· 39m 15s· 8 players
Game mode
Random Map
Map size
Large (8 player)
Population
200
Speed
Normal
Resources
Standard
Victory
Conquest
Starting age
Dark Age
Ending age
Imperial Age
RankedLock teamsTeams togetherTeam positionsShared explorationLock speedFull tech treeHidden civsTurbo modeCheats
Victory
Defeat
🇺🇸 Huns · United States
897
+13
🇺🇦 Muisca · Ukraine
892
+13
🇩🇪 Slavs · Germany
785
+17
🇹🇷 Italians · Türkiye
760
+18
🇩🇪 Franks · Germany
833
-16
🇹🇷 Persians · Türkiye
821
-15
🇩🇪 Varangians · Germany
807
-15
🇪🇸 Poles · Spain
803
-15
Shupnikkurat
0:32 Loom
11:33 Feudal Age
16:35 Castle Age
14:42 Double-Bit Axe
14:43 Horse Collar
16:56 Stone Mining
20:12 Bow Saw
20:32 Heavy Plow
25:50 Gold Mining
26:46 Scale Barding Armor
26:52 Forging
32:11 Imperial Age
32:23 Iron Casting
34:30 Elite Varangian Guard
35:59 Town Watch
39:09 Squires
38:55 Gambesons
40:18 Blast Furnace
39:19 Scale Mail Armor
Julesfreeman
11:03 Feudal Age
11:43 Double-Bit Axe
19:42 Castle Age
20:59 Bow Saw
20:42 Stone Mining
20:45 Gold Mining
23:45 Gold Shaft Mining
25:17 Husbandry
27:29 Wheelbarrow
26:39 Town Watch
26:40 Loom
28:20 Scale Barding Armor
31:36 Caravan
35:40 Hand Cart
TrakaTra
3:25 Loom
11:26 Feudal Age
17:33 Castle Age
16:22 Horse Collar
16:30 Double-Bit Axe
17:02 Stone Mining
23:31 Forging
24:05 Gold Mining
32:22 Imperial Age
30:31 Wheelbarrow
31:43 Stone Shaft Mining
31:11 Heavy Plow
31:26 Bow Saw
31:23 Scale Mail Armor
31:14 Fletching
32:22 Ballistics
32:39 Iron Casting
32:20 Chain Mail Armor
32:11 Scale Barding Armor
33:06 Squires
32:52 Arson
34:21 Hand Cart
33:52 Town Watch
34:46 Crop Rotation
36:14 Chemistry
35:00 Arrowslits
35:20 Caravan
35:52 Coinage
36:29 Blast Furnace
35:07 Capped Ram
36:36 Town Patrol
39:03 Bloodlines
38:54 Husbandry
38:15 Light Cavalry
minEng [Alca Torda]
4:58 Loom
11:41 Feudal Age
20:31 Castle Age
18:51 Horse Collar
19:10 Double-Bit Axe
19:32 Gold Mining
19:47 Stone Mining
23:12 Bow Saw
24:22 Heavy Plow
28:23 Wheelbarrow
27:34 Town Watch
29:51 Gold Shaft Mining
29:51 Bloodlines
29:42 Husbandry
30:09 Ballistics
30:47 Hand Cart
32:01 Caravan
32:42 Kamandaran
32:39 Heated Shot
32:58 Scale Barding Armor
33:04 Forging
32:57 Scale Mail Armor
34:11 Town Patrol
36:46 Imperial Age
34:41 Thumb Ring
35:32 Stone Shaft Mining
36:47 Chain Barding Armor
36:53 Elite War Elephant
37:44 Citadels
38:53 Chemistry
38:30 Iron Casting
38:41 Conscription
39:42 Two-Man Saw
_marcus_
11:03 Feudal Age
12:37 Double-Bit Axe
17:32 Castle Age
15:48 Horse Collar
16:12 Stone Mining
18:25 Wheelbarrow
23:25 Hand Cart
24:41 Heavy Plow
29:14 Imperial Age
26:48 Crossbowman
28:02 Gold Mining
28:27 Bow Saw
30:34 Gold Shaft Mining
30:26 Conscription
31:20 Chemistry
30:45 Fletching
30:56 Padded Archer Armor
31:19 Ballistics
30:55 Murder Holes
32:05 Bodkin Arrow
32:20 Forging
32:11 Scale Mail Armor
32:16 Detinets
34:34 Druzhina
36:43 Elite Boyar
TheKehribar
8:33 Loom
13:30 Feudal Age
13:58 Double-Bit Axe
13:56 Horse Collar
16:29 Wheelbarrow
17:21 Gold Mining
20:29 Castle Age
19:49 Padded Archer Armor
19:40 Fletching
21:33 Bow Saw
21:26 Heavy Plow
22:40 Leather Archer Armor
23:58 Thumb Ring
25:20 Crossbowman
26:01 Stone Mining
26:28 Hand Cart
26:48 Town Watch
27:47 Ballistics
27:41 Bodkin Arrow
29:43 Stone Shaft Mining
31:04 Caravan
32:28 Town Patrol
33:23 Bloodlines
35:44 Silk Road
35:44 Husbandry
35:56 Bloodlines
35:09 Light Cavalry
Nicole, Yes I'm the Queen
0:49 Loom
12:29 Feudal Age
14:11 Wheelbarrow
13:22 Town Watch
19:29 Castle Age
18:13 Stone Mining
18:11 Double-Bit Axe
18:24 Horse Collar
24:45 Gold Mining
34:12 Imperial Age
32:35 Bloodlines
32:25 Husbandry
32:29 Marauders
35:23 Forging
35:18 Scale Barding Armor
35:03 Fletching
35:49 Hand Cart
35:48 Bow Saw
35:39 Heavy Plow
36:19 Gold Shaft Mining
36:18 Conscription
35:26 Elite Tarkan
36:29 Conscription
39:39 Iron Casting
39:24 Chain Barding Armor
\mayre/
10:42 Feudal Age
11:09 Double-Bit Axe
11:06 Horse Collar
11:14 Town Watch
11:19 Champi Runner
18:14 Forging
18:04 Scale Mail Armor
18:13 Gold Mining
21:01 Castle Age
18:47 Loom
19:44 Stone Mining
21:47 Heavy Plow
22:03 Bow Saw
22:09 Bow Saw
22:37 Iron Casting
22:17 Chain Mail Armor
22:12 Squires
26:11 Wheelbarrow
26:47 Champi Warrior
31:06 Fervor
31:53 Gold Shaft Mining
32:10 Herbalism
33:33 Hand Cart
38:07 Imperial Age
36:50 Stone Shaft Mining
38:33 Elite Temple Guard
Connection lost

Rejoining the realm…

Still unreachable

The connection could not be restored.

Session expired

The server has moved on; the page needs a fresh start.